 Dungeon Crawl Stone Soup version 0.25.1-2-g60ff931df9 (webtiles) character file.

Game seed: 1114828684552111832

5 Martska the Ruffian (level 1, -1/18 HPs)
             Began as a Naga Transmuter on Oct 14, 2020.
             Slain by a goblin
             ... wielding a +1 dagger of electrocution
              (17 damage)
             ... on level 1 of the Dungeon.
             The game lasted 00:00:32 (322 turns).

Martska the Ruffian (Naga Transmuter)                Turns: 322, Time: 00:00:32

Health: -1/18      AC:  3    Str: 12    XL:     1   Next: 80%
Magic:  3/3        EV: 10    Int: 13    God:
Gold:   33         SH:  0    Dex: 11    Spells: 3/4 levels left

rFire    . . .     SeeInvis +     - Unarmed
rCold    . . .     Gourm    .   (no shield)
rNeg     . . .     Faith    .   b - +0 robe
rPois    +         Spirit   .   c - +0 helmet (curse)
rElec    .         Reflect  .   e - +0 cloak (curse)
rCorr    .         Harm     .   (no gloves)
MR       .....                  (no barding)
Stlth    +.........             (no amulet)
HPRegen  0.06/turn              (no ring)
MPRegen  0.08/turn              (no ring)

@: short of breath, very slow
A: large, see invisible, deformed body, poison resistance, slowness 2, slow
metabolism 1, spit poison 1, AC +0
a: Spit Poison


You were on level 1 of the Dungeon.
You were not hungry.

You visited 1 branch of the dungeon, and saw 1 of its levels.

You collected 33 gold pieces.

Inventory:

Missiles
 a - 12 arrows
Armour
 b - a +0 robe (worn)
 c - a cursed +0 helmet (worn)
 e - a cursed +0 cloak (worn)
Scrolls
 g - a scroll of noise {unknown}
 h - a scroll of amnesia {unknown}
Potions
 f - a potion of stabbing {unknown}
 j - a potion of haste {unknown}
Comestibles
 d - 2 rations
 i - 7 chunks of flesh


   Skills:
 - Level 1.0 Fighting
 - Level 1.5 Dodging
 - Level 3.0 Unarmed Combat
 - Level 2.0 Spellcasting
 * Level 2.5 Transmutations


You had 3 spell levels left.
You knew the following spells:

 Your Spells              Type           Power        Failure   Level  Hunger
a - Beastly Appendage     Tmut           #.....       9%          1    ##.....

Your spell library contained the following spells:

 Spells                   Type           Power        Failure   Level  Hunger
 Sticks to Snakes         Tmut           #.......     14%         2    ###....
 Spider Form              Tmut/Pois      #.........   41%         3    ####...
 Ice Form                 Ice/Tmut       #.......     83%         4    #####..
 Blade Hands              Tmut           #.........   94%         5    ######.


Dungeon Overview and Level Annotations

Branches:
Dungeon (1/15)

Altars:


Innate Abilities, Weirdness & Mutations

You cannot wear boots.
Your serpentine skin is tough. (AC +0)
You have supernaturally acute eyesight. (SInv)
Armour fits poorly on your strangely shaped body.
Your system is resistant to poisons. (rPois)
You cover ground very slowly.
You have a slow metabolism.
You can spit poison.


Message History

Aim: a kobold, wielding a +0 dagger The splash of poison misses the kobold.
You feel slightly more hungry.
You have got your breath back.
You barely miss the kobold. The kobold hits you but does no damage.
You hit the kobold.
The kobold is heavily wounded.
The kobold hits you but does no damage.
Press: ? - help, Shift-Dir - straight line, f/p - kobold
Aim: a kobold, wielding a +0 dagger (heavily wounded)
The splash of poison hits the kobold.
The kobold is poisoned.
You kill the kobold!
You feel slightly more hungry.
You closely miss the goblin. You closely miss the goblin.
The goblin hits you with a +1 dagger of electrocution.
You closely miss the goblin.
The goblin hits you with a +1 dagger of electrocution.
You are electrocuted!
Ouch! That really hurt!
You die...

#. .. # .##.# ..#.#
.######g#.#
......^...# #...#
############...#
#..........@g...#
#.#####..#####..#
#.#......÷......#
####.#......#####.##
.........÷..# .#
####........# .#
#...........# .#
###.#........##
........###......


You could see a goblin.

Vanquished Creatures
  A goblin (D:1)
  A kobold (D:1)
  A ball python (D:1)
  A frilled lizard (D:1)
  2 rats (D:1)
6 creatures vanquished.

Notes
Turn   | Place    | Note
-------+----------+-------------------------------------------
     0 | D:1      | Martska the Naga Transmuter began the quest for the Orb.
     0 | D:1      | Reached XP level 1. HP: 18/18 MP: 3/3
   322 | D:1      | Slain by a goblin

Illustrated notes

Levels and vault maps discovered:
D:1:      scummos_arrival_hexagon, layout_basic

Action                   || total
-------------------------++-------
Melee: Unarmed           ||    22
 Abil: Spit Poison       ||     2
Armor: Robe              ||     7
Dodge: Dodged            ||     8
